 Dungeon Crawl Stone Soup version 0.31-a0-237-g2d982f9f85 (webtiles) character file.

Game seed: 15631678669114375889

63 qw the Shooter (level 4, -6/26 HPs)
             Began as a Gargoyle Hexslinger on July 11, 2023.
             Mangled by Terence
             ... wielding a +2 morningstar of protection
              (7 damage)
             ... on level 3 of the Dungeon.
             The game lasted 00:00:34 (1270 turns).

qw the Shooter (Gargoyle Hexslinger)                Turns: 1270, Time: 00:00:34

Health: -6/26      AC:  7    Str: 11    XL:     4   Next: 10%
Magic:  5/5        EV: 11    Int: 14    God:
Gold:   222        SH:  0    Dex: 14    Spells: 4/5 levels left

rFire   . . .        Y - +1 sling
rCold   . . .        (no shield)
rNeg    + . .        h - +0 leather armour
rPois   inf          (no helmet)
rElec   +            (no cloak)
rCorr   .            a - +0 pair of gloves
SInv    .            (no boots)
Will    .....        (no amulet)
Stlth   +            (no ring)
HPRegen 0.24/turn    (no ring)
MPRegen 0.09/turn

%: no passive effects
@: no status effects
A: sickness immunity, AC +3, negative energy resistance 1, electricity
resistance, torment resistance 1, petrification resistance
a: no special abilities


You were on level 3 of the Dungeon.
You visited 1 branch of the dungeon, and saw 3 of its levels.

You collected 222 gold pieces.


Innate Abilities, Weirdness & Mutations

You are immune to sickness and miasma.
Your stone body is resilient. (AC +3)
You are immune to poison.
You resist negative energy. (rN+)
You are resistant to electric shocks. (rElec)
You are resistant to unholy torment.
You are immune to petrification.


   Skills:
 - Level 2.0 Fighting
 + Level 3.9 Ranged Weapons
 - Level 1.5 Dodging
 - Level 1.0 Spellcasting
 - Level 2.6 Hexes


You had 4 spell levels left.
You knew the following spells:

 Your Spells              Type           Power      Damage    Failure   Level
a - Slow                  Hex            32%        N/A       12%         1

Your spell library contained the following spells:

 Spells                   Type           Power      Damage    Failure   Level
 Inner Flame              Hex/Fire       4%         N/A       52%         3
 Portal Projectile        Hex/Tloc       8%         N/A       52%         3
 Cause Fear               Hex            4%         N/A       75%         4

Inventory:

Hand Weapons
 Y - a +1 sling (weapon)
Armour
 a - a +0 pair of gloves (worn)
 h - a +0 leather armour (worn)
Scrolls
 c - a scroll of teleportation {unknown}
 e - 2 scrolls of identify
Potions
 b - a potion of cancellation
 d - a potion of curing

Dungeon Overview and Level Annotations

Branches:
Dungeon (3/15)

Altars:

Annotations:
D:3 Terence


Message History

You shoot a sling bullet. The sling bullet hits the bat.
You kill the bat!
You now have 215 gold pieces (gained 8).
c - a scroll labelled LOMNAE WOMIS You now have 222 gold pieces (gained 7).
Terence the Incautious comes into view.
He is wielding a +2 morningstar of protection.
You shoot a sling bullet.
The sling bullet hits Terence but does no damage.
Terence shouts!
You shoot a sling bullet.
The sling bullet hits Terence but does no damage.
You shoot a sling bullet. The sling bullet hits Terence.
Terence is lightly wounded.
You shoot a sling bullet.
The sling bullet closely misses Terence.
You shoot a sling bullet.
The sling bullet closely misses Terence.
You shoot a sling bullet. The sling bullet hits Terence.
Terence is moderately wounded.
Terence barely misses you.
You shoot a sling bullet.
The sling bullet hits Terence but does no damage.
Terence is moderately wounded.
Terence hits you with a +2 morningstar of protection.
Terence hits you with a +2 morningstar of protection!
You shoot a sling bullet.
The sling bullet closely misses Terence.
Terence hits you but does no damage.
You shoot a sling bullet.
The sling bullet hits Terence but does no damage.
Terence is moderately wounded.
Terence hits you with a +2 morningstar of protection.
You shoot a sling bullet.
The sling bullet closely misses Terence.
Terence closely misses you.
You shoot a sling bullet. The sling bullet hits Terence.
Terence is moderately wounded.
Terence hits you with a +2 morningstar of protection.
Terence hits you with a +2 morningstar of protection!
You die...

####.##
....#.#########
##.###........##
##.#.####.....###
##.............#
#.#####.....#.#
#.# ##...##.# #.#
##.###.#
#.#######.# #@#
####.....^...#
#@#
.....#########
#.# ####.# #.#
####.# #.# .....#
#.# ####.# #.#
#.# #.. #.#


You could see Terence.

Vanquished Creatures
  2 adders
  3 ball pythons
  4 bats
  5 endoplasms
  2 giant cockroaches
  5 hobgoblins
  3 jackals (D:2)
  2 quokkas
  5 frilled lizards
  5 goblins
  3 kobolds
  4 rats (D:1)
43 creatures vanquished.

Notes
Turn   | Place    | Note
-------+----------+-------------------------------------------
     0 | D:1      | qw the Gargoyle Hexslinger began the quest for the Orb.
     0 | D:1      | Reached XP level 1. HP: 12/12 MP: 2/2
     0 | D:1      | 0 ||| qw: Version: 0.3-a-52-g30416fa
     0 | D:1      | 0 ||| qw: Game counter: 5524
     0 | D:1      | 0 ||| qw: Melee chars always use a shield: true
     0 | D:1      | 0 ||| qw: God list: Okawaru
     0 | D:1      | 0 ||| qw: Allow faded altars: false
     0 | D:1      | 0 ||| qw: Do Orc after clearing Dungeon:15 true
     0 | D:1      | 0 ||| qw: Do second Lair branch before Depths: true
     0 | D:1      | 0 ||| qw: Lair rune preference: random
     0 | D:1      | 0 ||| qw: Goals: Normal
     0 | D:1      | 0 ||| PLANNING D:1-11
   100 | D:1      | Reached XP level 2. HP: 16/16 MP: 3/3
   283 | D:1      | Found a faded altar of an unknown god.
   373 | D:1      | Reached skill level 3 in Ranged Weapons
   702 | D:1      | 702 ||| UPGRADING to +0 leather armour.
   712 | D:1      | 712 ||| DROPPING +0 robe.
   713 | D:1      | 713 ||| READING scroll labelled ANEGUTW YDANE.
   714 | D:1      | 714 ||| READING scroll labelled EKLAUT WYAN.
   715 | D:1      | 715 ||| DRINKING 2 metallic black potions.
   716 | D:1      | 716 ||| DROPPING scroll of poison.
   749 | D:2      | Reached XP level 3. HP: 21/21 MP: 4/4
  1119 | D:2      | HP: 3/21 [quokka (4)]
  1120 | D:2      | 1120 ||| DRINKING potion of heal wounds.
  1176 | D:2      | 1176 ||| UPGRADING to +0 pair of gloves.
  1181 | D:2      | 1181 ||| DRINKING 2 golden potions.
  1182 | D:2      | 1182 ||| READING 4 scrolls of identify.
  1182 | D:2      | 1182 ||| IDENTIFYING fizzy cyan potion
  1183 | D:2      | 1183 ||| READING 3 scrolls of identify.
  1183 | D:2      | 1183 ||| IDENTIFYING bubbling sapphire potion
  1184 | D:2      | 1184 ||| DROPPING potion of attraction.
  1221 | D:3      | Reached XP level 4. HP: 24/26 MP: 5/5
  1259 | D:3      | Noticed Terence
  1268 | D:3      | HP: 4/26 [Terence/+2 morningstar of protection (5)]
  1270 | D:3      | HP: 1/26 [Terence/+2 morningstar of protection (3)]
  1270 | D:3      | Mangled by Terence

Levels and vault maps discovered:
D:1:      minmay_arrival_arboretum_small, layout_loops_ring,
          shapermc_ecumenical_altar_petra, minmay_misc_feat_columns
D:2:      layout_rooms
D:3:      layout_loops_ring, nicolae_dithmenos_shadow_blocks,
          minmay_misc_feat_ornament, kennysheep_doodads, grunt_decor_arrowhead,
          uniq_terence

Skill      XL: |  1  2 |
---------------+-------+-----
Ranged Weapons | 3 |  3.9
Fighting       | 2 |  2.0
Dodging        | |  1.5
Spellcasting   | |  1.0
Hexes          | |  2.6

Action                     |  1- 3 |  4- 6 || total
---------------------------+-------+-------++-------
   Fire: Sling             |   119 |    21 ||   140
    Use: Scroll            |     4 |       ||     4
         Potion            |     3 |       ||     3
 Armour: Robe              |     6 |       ||     6
         Leather armour    |    33 |     7 ||    40
  Dodge: Dodged            |    53 |     8 ||    61

Table legend:
 A = Non-vault XP
 B = Vault XP
 C = Vault XP percentage of total XP
 D = Non-vault monster count
 E = Vault monster count
 F = Vault count percentage of total count
                 A         B        C        D         E       F
            +---------+---------+-------+---------+---------+-------
      Total |      91 |       0 |   0.0 |      43 |       0 |   0.0
            +---------+---------+-------+---------+---------+-------
        D:1 |      33 |       0 |   0.0 |      22 |       0 |   0.0
        D:2 |      43 |       0 |   0.0 |      19 |       0 |   0.0
        D:3 |      15 |       0 |   0.0 |       2 |       0 |   0.0
            +---------+---------+-------+---------+---------+-------
